 Dungeon Crawl Stone Soup version 0.31-a0-303-gdc8c9485ea (webtiles) character file.

Game seed: 14559011920582695960

2440 LeprechaunX the Ruffian (level 9, -1/61 HPs)
             Began as an Octopode Shapeshifter on July 17, 2023.
             Was a Believer of Cheibriados.
             Splashed by a jelly's acid (4 damage)
             ... on level 8 of the Dungeon.
             The game lasted 00:21:46 (7075 turns).

LeprechaunX the Ruffian (Octopode Shapeshifter)     Turns: 7075, Time: 00:21:47

Health: -1/61      AC:  1    Str: 24    XL:     9   Next: 49%
Magic:  10/10      EV: 16    Int: 15    God:    Cheibriados [**....]
Gold:   420        SH:  0    Dex: 23    Spells: 8/8 levels left

rFire   + .          .
                       - Unarmed
rCold   . . .        (no shield)
rNeg    . . .        (helmet currently unavailable)
rPois   +            E - amulet of faith
rElec   .            l - +6 ring of dexterity
rCorr   +            p - ring of willpower
SInv    +            u - ring of poison resistance
Will    +....        y - ring of resist corrosion
Stlth   +++          D - ring "Ihaekh" {rF+ SInv}
HPRegen 0.30/turn    (no ring)
MPRegen 0.12/turn    (no ring)
                     (no ring)

%: faith
@: lethally poisoned (-1 -> -3), beast-form, slowed, very slow
A: beast (slay +4), almost no armour, amphibious, 8 rings, camouflage 1,
gelatinous body 1, (nimble swimmer 1), tentacles
a: Begin Untransformation, Renounce Religion, Bend Time


You were on level 8 of the Dungeon.
You worshipped Cheibriados.
Cheibriados was pleased with you.
You were a hulking beast.
You visited 2 branches of the dungeon, and saw 10 of its levels.
You also visited: Bailey.

You collected 420 gold pieces.

Inventory:

Hand Weapons
 a - a +4 orcbow of flaming
Missiles
 m - 5 silver javelins
 w - 15 poisoned darts (quivered)
Jewellery
 l - a +6 ring of dexterity (left tentacle)
 p - a ring of willpower (right tentacle)
 u - a ring of poison resistance (on tentacle)
 y - a ring of resist corrosion (on tentacle)
 D - the ring "Ihaekh" (on tentacle) {rF+ SInv}
   (You found it on level 5 of the Dungeon)

   [ring of see invisible]

   rF:        It protects you from fire.
   SInv:      It lets you see invisible.
 E - an amulet of faith (around mantle)
Talismans
 b - a beast talisman
 n - a serpent talisman
Wands
 x - a wand of flame (35)
 B - a wand of polymorph (5)
 G - a wand of iceblast (6)
Scrolls
 d - 6 scrolls of identify {unknown}
 g - 2 scrolls of silence {unknown}
 h - a scroll of poison {unknown}
 i - a scroll of enchant armour {unknown}
 q - 2 scrolls of enchant weapon {unknown}
 s - 4 scrolls of revelation {unknown}
 t - 2 scrolls of fog {unknown}
 v - a scroll of vulnerability {unknown}
 I - 3 scrolls of teleportation {unknown}
Potions
 c - 2 potions of invisibility {unknown}
 e - 2 potions of brilliance {unknown}
 f - a potion of cancellation {unknown}
 j - a potion of heal wounds {unknown}
 k - 4 potions of enlightenment {unknown}
 o - a potion of degeneration {unknown}
 r - a potion of haste {unknown}
 z - a potion of curing {unknown}
 A - 2 potions of magic {unknown}
 C - 3 potions of lignification
 F - a potion of berserk rage {unknown}
 H - a potion of might {unknown}
 J - a potion of resistance {unknown}
 K - a potion of attraction {unknown}


   Skills:
 + Level 5.3 Fighting
 + Level 3.2 Ranged Weapons
 - Level 4.0 Dodging
 + Level 7.3 Unarmed Combat
 + Level 2.3 Invocations
 * Level 6.6 Shapeshifting


You had 8 spell levels left.
You didn't know any spells.
Your spell library contained the following spells:

 Spells                   Type           Power      Damage    Failure   Level
 Sandblast                Erth           0%         2d4       26%         1
 Blink                    Tloc           0%         N/A       38%         2
 Lesser Beckoning         Tloc           0%         N/A       38%         2
 Momentum Strike          Conj/Tloc      0%         3d8       38%         2
 Passwall                 Tmut/Erth      0%         N/A       38%         2
 Portal Projectile        Hex/Tloc       0%         N/A       63%         3
 Stone Arrow              Conj/Erth      0%         3d7       63%         3
 Tukima's Dance           Hex            0%         N/A       63%         3
 Iskenderun's Mystic Bla  Conj/Tloc      0%         2d3       95%         4


Dungeon Overview and Level Annotations

Branches:
Dungeon (9/15)             Temple (1/1) D:6          Bailey (visited)
   Lair: D:8-11         Orc: D:9-12

Altars:
Ashenzari
Cheibriados
Dithmenos
Elyvilon
Fedhas
Gozag
Hepliaklqana
Makhleb
Nemelex Xobeh
Ru
Trog
Uskayaw
Vehumet
Yredelemnul
Zin
The Shining One


Innate Abilities, Weirdness & Mutations

You are a hulking beast.
Your limbs bulge with bestial killing power. (Slay +4)
You cannot wear most types of armour.
You are amphibious.
You can wear up to eight rings at the same time.
Your skin changes colour to match your surroundings (Stealth+).
Your rubbery body absorbs attacks. (AC +1, EV +1)
((You are camouflaged when in or above water. (Stealth+)))
You have tentacles for arms and can constrict up to eight enemies at once.


Message History

You bludgeon the kobold!
You kill the kobold!
Cheibriados thoroughly appreciates the change of pace.
You feel sick. The kobold barely misses you.
You bludgeon the kobold!
You kill the kobold!
Cheibriados thoroughly appreciates the change of pace.
You feel sick.
You bludgeon the kobold brigand! Your grab misses the kobold brigand.
You squeeze the kobold brigand!
The kobold brigand is almost dead.
You feel sick. The kobold closely misses you.
The kobold brigand hits you with a +0 club!
* * * LOW HITPOINT WARNING * * *
You barely miss the kobold brigand.
The kobold shouts!
You grab the kobold brigand.
The kobold brigand is almost dead.
You constrict the kobold brigand.
You kill the kobold brigand!
Cheibriados appreciates the change of pace.
You feel sick.
You hear a shout!
The kobold closely misses you. The gnoll barely misses you.
The kobold hits you with a +0 dagger.
* * * LOW HITPOINT WARNING * * *
You tentacle-slap the gnoll. You grab the gnoll.
The gnoll is moderately wounded.
You constrict the gnoll.
You feel sick. The gnoll hits you with a +0 club.
* * * LOW HITPOINT WARNING * * *
The kobold barely misses you.
You tentacle-slap the jelly.
Your tentacles burn!
* * * LOW HITPOINT WARNING * * *
You squeeze the jelly!
The jelly is severely wounded.
You constrict the gnoll.
You feel sick. The gnoll barely misses you. The kobold completely misses you.
The jelly hits you.
* * * LOW HITPOINT WARNING * * *
You are splashed with acid.
You resist.
You die...

g.....
#.....##...##... .....
##......##+##....
....#
#................ #...
##................
#..##.................
#K.##................
#..##.........[.....
#.Kg####..........(.
##Jh.# ###..........
##..## #.#.#......
##..## #.#........
#...###.#..#.....
###..##....# ..
##.###.#.# # ##.#..#
.. ##..## #.# ##..# ..


You could see a jelly, a gnoll and 2 kobolds.

Vanquished Creatures
  2 steam dragons (D:6)
  Menkaure (D:6)
  3 orc warriors
  An ice beast (D:8)
  2 black bears (D:5)
  An ogre (D:6)
  A centaur (D:5)
  A kobold brigand (D:8)
  Blork the orc (D:5)
  3 bullfrogs
  2 scorpions (D:5)
  4 hounds
  5 jellies
  A gnoll bouda (D:8)
  An orc priest (D:5)
  A sleepcap (D:5)
  Ijyb (D:4)
  3 iguanas (D:7)
  2 orc wizards
  11 gnolls
  11 adders
  3 white imps
  An ufetubus (D:5)
  5 worms
  2 dart slugs
  31 orcs
  5 endoplasms
  A giant cockroach (D:1)
  7 hobgoblins
  4 jackals (D:3)
  10 kobolds
  8 quokkas
  6 ball pythons
  9 bats
  A frilled lizard (D:2)
  9 goblins
  4 rats
  A spectral orc (D:3)
165 creatures vanquished.

Notes
Turn   | Place    | Note
-------+----------+-------------------------------------------
     0 | D:1      | LeprechaunX the Octopode Shapeshifter began the quest for
                  | the Orb.
     0 | D:1      | Reached XP level 1. HP: 14/14 MP: 1/1
   182 | D:1      | Reached XP level 2. HP: 18/19 MP: 2/2
   561 | D:1      | Reached XP level 3. HP: 21/24 MP: 3/3
   846 | D:2      | Found a white marble altar of Elyvilon.
  1068 | D:2      | Reached skill level 3 in Unarmed Combat
  1077 | D:2      | Reached XP level 4. HP: 12/30 MP: 4/4
  1741 | D:3      | Reached XP level 5. HP: 29/36 MP: 5/5
  2068 | D:3      | Found a radiant altar of Vehumet.
  2198 | D:3      | Found an opulent altar of Gozag.
  2447 | D:3      | Found a basalt altar of Yredelemnul.
  2666 | D:4      | Noticed Ijyb
  2792 | D:4      | Killed Ijyb
  2793 | D:4      | Reached skill level 4 in Unarmed Combat
  3047 | D:4      | Found a white marble altar of Elyvilon.
  3074 | D:4      | Reached XP level 6. HP: 38/42 MP: 6/6
  3326 | D:5      | Entered Level 5 of the Dungeon
  3473 | D:5      | Noticed a black bear
  3555 | D:5      | Identified the ring "Ihaekh" {rF+ SInv}
  3621 | D:5      | Found a burning altar of Makhleb.
  3835 | D:5      | Reached XP level 7. HP: 46/46 MP: 7/7
  3955 | D:5      | Reached skill level 5 in Unarmed Combat
  4029 | D:5      | Noticed Blork the orc
  4037 | D:5      | Killed Blork the orc
  4038 | D:5      | Reached skill level 5 in Shapeshifting
  4427 | D:5      | Reached XP level 8. HP: 51/54 MP: 8/8
  4490 | D:6      | Noticed Menkaure
  4497 | D:6      | Killed Menkaure
  4498 | D:6      | Reached skill level 1 in Ranged Weapons
  4619 | D:6      | Reached skill level 6 in Unarmed Combat
  4724 | D:6      | Found a broken altar of Ashenzari.
  4732 | D:6      | Found a staircase to the Ecumenical Temple.
  5041 | D:6      | Saw a vision of the Swamp and the Spider Nest.
  5041 | D:6      | Noticed a tarantella
  5041 | D:6      | Noticed a demonic crawler
  5041 | D:6      | Noticed an orb spider
  5041 | D:6      | Noticed a culicivora
  5041 | D:6      | Noticed a demonic crawler
  5041 | D:6      | Noticed a wolf spider
  5041 | D:6      | Noticed a ghost crab
  5041 | D:6      | Noticed an eleionoma
  5042 | D:6      | Noticed a pharaoh ant
  5042 | D:6      | Noticed a jumping spider
  5042 | D:6      | Noticed a jorogumo
  5042 | D:6      | Noticed a steelbarb worm
  5043 | D:6      | Noticed a pharaoh ant
  5044 | D:6      | Noticed a spriggan druid
  5044 | D:6      | Noticed a bunyip
  5044 | D:6      | Noticed an alligator
  5045 | D:6      | Noticed a spriggan rider
  5166 | D:6      | Found a bloodstained altar of Trog.
  5193 | Temple   | Entered the Ecumenical Temple
  5217 | Temple   | Became a worshipper of Cheibriados the Contemplative
  5460 | D:7      | Found a flagged portal.
  5471 | Bailey   | Entered a bailey
  5485 | Bailey   | Reached skill level 1 in Invocations
  5485 | Bailey   | Reached XP level 9. HP: 30/60 MP: 9/9
  5707 | Bailey   | Reached * piety under Cheibriados
  5794 | Bailey   | Noticed an orc knight
  5892 | Bailey   | Noticed an orc knight
  6167 | D:7      | Reached skill level 5 in Fighting
  6588 | D:8      | Reached skill level 7 in Unarmed Combat
  6589 | D:8      | Reached ** piety under Cheibriados
  6933 | D:8      | Found a glowing silver altar of Zin.
  6956 | D:8      | Noticed a gargoyle
  7075 | D:8      | HP: 3/61 [jelly (1)]
  7075 | D:8      | Splashed by a jelly's acid

Illustrated notes

Levels and vault maps discovered:
D:1:      matt_arrival_refuge, layout_loops_ring
D:2:      minmay_spotlight, layout_basic, basic_altar,
          minmay_misc_feat_more_columns
D:3:      layout_basic, marbit_many_paths, yredelemnul_forgotten_temple_becter,
          nicolae_vehumet_altar_sigil, hangedman_decor_growths
D:4:      layout_rooms, elyvilon_altar_5, minivault_27, uniq_ijyb
D:5:      kennysheep_spiral_hall, layout_basic,
          mainiacjoe_overflow_six_doors_small, uniq_blork_the_orc
D:6:      layout_loops_ring, grunt_ashenzari_visionary
          [grunt_ashenzari_visionary_swamp, grunt_ashenzari_visionary_spider],
          kennysheep_little_box, minmay_temple_entry_wispy, uniq_menkaure
D:7:      layout_gridville, enter_bailey_5
D:8:      layout_layer_cave, mainiacjoe_overflow_catwalk,
          lemuel_coloured_pillars_altar, dk_noncrumbling_3,
          minmay_misc_feat_columns, minmay_liquid_box
D:9:      layout_long_grid, serial_shops, shop, minmay_misc_feat_x, uniq_erolcha
Temple:   nicolae_temple_god_jail

Skill      XL: |  1  2  3  4  5  6  7  8  9 |
---------------+----------------------------+-----
Unarmed Combat | 3 4 5 6 7 |  7.3
Shapeshifting  | 4 5 6 |  6.6
Fighting       | 3 4 5 |  5.3
Dodging        | 3 4 |  4.0
Ranged Weapons | 2 3 |  3.2
Invocations    | 1 2 |  2.3

Action                     |  1- 3 |  4- 6 |  7- 9 || total
---------------------------+-------+-------+-------++-------
  Melee: Unarmed           |    63 |    87 |    64 ||   214
         Constrict         |    19 |    22 |    17 ||    58
         Tentacles         |    15 |    19 |    12 ||    46
         Punch             |       |     4 |     3 ||     7
   Fire: Shortbow          |       |     8 |    18 ||    26
         Orcbow            |       |       |   126 ||   126
  Throw: Javelin           |       |     2 |       ||     2
         Dart              |       |     3 |       ||     3
         Throwing net      |       |       |     1 ||     1
  Evoke: Wand              |       |       |     1 ||     1
    Use: Potion            |       |       |     1 ||     1
   Stab: Sleeping          |     1 |     7 |       ||     8
         Distracted        |       |     1 |     1 ||     2
 Armour: Skin              |     5 |     1 |    12 ||    18
  Dodge: Dodged            |    32 |    51 |    66 ||   149

Table legend: (Time is in decaauts)
 A = Elapsed time spent in this place.
 B = Non-inter-level travel time spent in this place.
 C = Inter-level travel time spent in this place.
 D = Time resting spent in this place.
 E = Time spent auto-exploring this place.
 F = Levels seen in this place.
 G = Mean time per level.
                   A        B        C        D        E       F      G
               +--------+--------+--------+--------+--------+-----+--------+
         Total |   7647 |   7121 |    526 |    416 |   4755 |  11 |  695.2 |
       Dungeon |   6945 |   6419 |    526 |    247 |   4748 |   9 |  771.7 |
        Temple |     36 |     36 |      0 |      0 |      7 |   1 |   36.0 |
        Bailey |    665 |    665 |      0 |    169 |      0 |   1 |  665.0 |
               +--------+--------+--------+--------+--------+-----+--------+

Top non-repeatable levels by time:
     D:3: 1266 daAuts
     D:5: 1240 daAuts
     D:7: 1071 daAuts
     D:1: 744 daAuts
     D:2: 721 daAuts
  Bailey: 665 daAuts
     D:8: 664 daAuts
     D:6: 650 daAuts
     D:4: 584 daAuts
  Temple: 36 daAuts
     D:9: 1 daAuts
